Diablos vs Patriotes
(R2)
Created - May 26, 2019 at 22:19
Goals
|
| Diablos |
1 |
2 |
2 |
5 |
| Patriotes |
3 |
3 |
3 |
9 |
|
Shots
|
| Diablos |
7 |
21 |
17 |
45 |
| Patriotes |
15 |
15 |
12 |
42 |
|
1st period
1. Patriotes , Jason Zucker 9 (Shane Sims 7) at 1:30 (SH)
2. Diablos , Philip Larsen 2 (Brian Dumoulin 6, Jordan Szwarz 7) at 2:06 (PP)
3. Patriotes , Emerson Etem 2 (Unassisted) at 7:23
4. Patriotes , Tyler Kennedy 6 (Cody Eakin 16, David Kolomatis 3) at 11:45
Penalties :
Timothy Kunes (Nyc) for Interference (Minor) at 0:58, Timothy Kunes (Nyc) for High sticking (Minor) at 2:30, Alex Petrovic (Don) for Hooking (Minor) at 11:54
2nd period
5. Patriotes , Tyler Randell 5 (Shane Sims 8) at 1:17
6. Patriotes , Jason Zucker 10 (Cody Eakin 17) at 4:50 (PP)
7. Diablos , Nick Spaling 10 (Marek Zagrapan 4) at 8:36 (PP)
8. Patriotes , Tyler Randell 6 (Aleksander Barkov 5, Timothy Kunes 10) at 13:03
9. Diablos , Tyler Pitlick 5 (Bryan Bickell 2, Marek Zagrapan 5) at 14:50
Penalties :
Nick Spaling (Don) for Hooking (Minor) at 4:44, Shane Sims (Nyc) for Hooking (Minor) at 8:35, Dillon Heatherington (Nyc) for Interference (Minor) at 17:40
3rd period
10. Patriotes , Cody Eakin 13 (Tyler Kennedy 9, Shane Sims 9) at 0:15
11. Diablos , Jason Akeson 9 (Nick Spaling 9, Marek Zagrapan 6) at 5:13 (PP)
12. Patriotes , Shane Sims 1 (Matt Calvert 6, Christian Hanson 7) at 10:16 (PP)
13. Diablos , Alex Petrovic 1 (Jordan Szwarz 8, Lars Eller 14) at 11:24
14. Patriotes , Tyler Kennedy 7 (Cody Eakin 18, Shane Sims 10) at 16:21
Penalties :
Shane Sims (Nyc) for Roughing (Minor) at 3:28, Tyler Kennedy (Nyc) for Tripping (Minor) at 5:18, Sergey Tolchinsky (Don) for Holding (Minor) at 8:07, Nick Spaling (Don) for Hooking (Minor) at 9:02, Philip Larsen (Don) for High sticking (Minor) at 13:30, Brian Dumoulin (Don) for Interference (Minor) at 18:35
Goalie Stats
Andrew Hammond (Don), 12 saves from 16 shots - (0.750), 21:17 minutes
Kristers Gudlevskis (Don), 21 saves from 26 shots - (0.808), L, 5-4-1, 38:43 minutes
Marek Schwarz (Nyc), 40 saves from 45 shots - (0.889), W, 7-4-0, 60:00 minutes
Players Stats for Diablos
Player Name G A P +/- PIM S H SB GA TA FO MP PP MP PK MP
------------------------------------------------------------------------------------
Alex Petrovic 1 0 1 0 2 2 0 0 0 0 0/0 19:15 3:34 1:21
Brian Dumoulin 0 1 1 -2 2 5 2 1 0 1 0/0 28:08 5:17 3:12
Bryan Bickell 0 1 1 -2 0 0 2 0 0 0 0/0 10:23 0:06 0:58
Cameron Gaunce 0 0 0 -1 0 3 2 2 0 0 0/0 27:33 3:34 4:18
Corey Trivino 0 0 0 -1 0 3 0 1 0 0 19/32 15:10 0:00 1:00
Danny Kristo 0 0 0 -3 0 2 0 1 0 0 0/0 5:46 0:13 0:00
Jason Akeson 1 0 1 -1 0 4 3 1 0 0 3/3 20:17 4:52 0:00
Jiri Sekac 0 0 0 0 0 1 0 0 1 0 0/1 16:46 3:41 0:00
Jordan Szwarz 0 2 2 0 0 5 3 1 1 1 0/0 18:56 3:41 1:34
Lars Eller 0 1 1 1 0 3 2 1 0 0 10/18 17:24 0:00 3:48
Marek Zagrapan 0 3 3 -2 0 3 1 1 0 0 11/17 15:48 4:37 1:48
Nick Spaling 1 1 2 -1 4 4 1 0 2 1 2/3 24:06 4:51 3:50
Nikita Nesterov 0 0 0 -3 0 0 0 0 1 0 0/0 9:46 0:00 0:00
Peter Holland 0 0 0 -3 0 4 3 0 0 0 0/4 10:03 3:54 1:01
Philip Larsen 1 0 1 -1 2 5 0 1 0 0 0/0 22:15 5:12 3:04
Sergey Tolchinsky 0 0 0 -2 2 0 0 0 0 0 0/0 5:33 0:00 0:10
Tyler Pitlick 1 0 1 -1 0 1 1 0 0 0 0/0 10:33 0:38 0:00
Viktor Loov 0 0 0 -3 0 0 0 1 0 0 0/0 13:31 0:05 3:19
Players Stats for Patriotes
Player Name G A P +/- PIM S H SB GA TA FO MP PP MP PK MP
------------------------------------------------------------------------------------
Aleksander Barkov 0 1 1 2 0 0 1 1 0 0 2/6 9:03 0:00 0:00
Andrew Gordon 0 0 0 0 0 2 1 0 0 0 2/2 18:33 3:24 2:08
Austin Watson 0 0 0 0 0 0 0 0 0 1 0/0 7:43 0:00 0:09
Borna Rendulic 0 0 0 0 0 0 0 0 0 0 0/0 1:04 0:05 0:00
Christian Hanson 0 1 1 -1 0 2 2 0 0 0 4/11 17:30 3:24 1:12
Cody Eakin 1 3 4 2 0 3 1 0 0 0 15/36 23:27 4:08 5:10
Dale Weise 0 0 0 0 0 0 0 0 0 0 0/0 0:20 0:05 0:00
David Kolomatis 0 1 1 3 0 1 0 3 0 0 0/0 27:59 2:37 4:13
Dillon Heatherington 0 0 0 1 2 2 0 0 0 0 0/0 10:58 0:00 0:34
Emerson Etem 1 0 1 1 0 0 0 0 0 0 1/1 6:34 0:00 0:00
Jared Knight 0 0 0 1 0 2 2 0 0 0 0/1 6:34 0:00 0:00
Jason Zucker 2 0 2 3 0 7 0 1 0 0 1/2 20:51 4:08 3:11
Justin Florek 0 0 0 2 0 3 2 1 0 0 2/2 9:03 0:00 0:00
Mario Lucia 0 0 0 0 0 0 0 0 0 0 0/0 0:00 0:00 0:00
Matt Calvert 0 1 1 -1 0 2 2 1 0 0 2/3 16:10 3:24 0:00
Maxim Mamin 0 0 0 0 0 0 0 0 0 0 0/0 0:00 0:00 0:00
Riley Barber 0 0 0 0 0 0 0 0 0 0 0/0 0:00 0:00 0:00
Robert Baillargeon 0 0 0 0 0 0 0 0 0 0 0/0 0:18 0:00 0:18
Ryan Fitzgerald 0 0 0 0 0 0 0 0 0 0 0/2 2:41 0:00 1:26
Shane Sims 1 4 5 1 4 1 0 1 0 0 0/0 26:50 5:00 3:49
Shea Theodore 0 0 0 4 0 2 0 2 0 3 0/0 24:23 2:37 5:42
Timothy Kunes 0 1 1 1 4 3 3 3 1 1 0/0 29:01 5:00 3:24
Tyler Kennedy 2 1 3 2 2 7 0 0 2 0 4/12 21:53 4:08 4:08
Tyler Randell 2 0 2 2 0 5 2 0 0 0 0/0 10:07 0:05 0:00
3 Stars
1 - Cody Eakin (Nyc)
2 - Jason Zucker (Nyc)
3 - Tyler Randell (Nyc)
Power Play
Diablos - 3 on 7 Attempt(s) - 42.86%
Patriotes - 2 on 6 Attempt(s) - 33.33%
Penalty Kill
Diablos - 4 on 6 Attempt(s) - 66.67%
- Score 0 goal in Penalty Kill
Patriotes - 4 on 7 Attempt(s) - 57.14%
- Score 1 goal in Penalty Kill
Team Stat
Diablos - Hits : 20 - Faceoff Wins : 45 - Blocked Shots : 11 - Penalty Minutes : 12
Patriotes - Hits : 16 - Faceoff Wins : 33 - Blocked Shots : 13 - Penalty Minutes : 12
Official
Referees : Unknown
Linesman : Unknown
Game Notes
7:23 of 1st period - Penalty Shot by Emerson Etem for Patriotes - Goal!
Kristers Gudlevskis enters game at 1:17 of 2nd period
Finance
Level 1 -- Attendance: 1921 (96.05%) -- Ticket Income $76,840
Level 2 -- Attendance: 1000 (100.00%) -- Ticket Income $20,000
Total Attendance: 2921 (97.37%)
Total Ticket Income: $96,840
Other Income: $4,842
Total Income: $101,682
Diablos
5 vs 5 Forward
Center Left Wing Right Wing Time % Phy DF OF
1 Corey Trivino Nick Spaling Jason Akeson 40 1 1 3
2 Lars Eller Jiri Sekac Jordan Szwarz 30 1 2 2
3 Marek Zagrapan Bryan Bickell Tyler Pitlick 20 1 2 2
4 Peter Holland Sergey Tolchinsky Danny Kristo 10 1 2 2
5 vs 5 Defense
Defense Defense Time % Phy DF OF
1 Cameron Gaunce Brian Dumoulin 40 1 2 2
2 Alex Petrovic Philip Larsen 30 1 2 2
3 Nikita Nesterov Viktor Loov 20 1 2 2
4 Cameron Gaunce Brian Dumoulin 10 1 2 2
PowerPlay Forward
Center Left Wing Right Wing Time % Phy DF OF
1 Marek Zagrapan Nick Spaling Jason Akeson 60 1 2 2
2 Peter Holland Jiri Sekac Jordan Szwarz 40 1 2 2
PowerPlay Defense
Defense Defense Time % Phy DF OF
1 Philip Larsen Brian Dumoulin 60 1 2 2
2 Cameron Gaunce Alex Petrovic 40 1 2 2
Penalty Kill 4 Players Forward
Center Wing Time % Phy DF OF
1 Lars Eller Nick Spaling 60 1 2 2
2 Marek Zagrapan Jordan Szwarz 40 1 2 2
Penalty Kill 4 Players Defense
Defense Defense Time % Phy DF OF
1 Cameron Gaunce Philip Larsen 60 1 2 2
2 Viktor Loov Brian Dumoulin 40 1 2 2
Penalty Kill - 3 Players Forward
Forward Time % Phy DF OF
1 Corey Trivino 60 1 2 2
2 Marek Zagrapan 40 1 2 2
Penalty Kill - 3 Players Defense
Defense Defense Time % Phy DF OF
1 Viktor Loov Brian Dumoulin 60 1 2 2
2 Cameron Gaunce Philip Larsen 40 1 2 2
4 vs 4 Forward
Center Wing Time % Phy DF OF
1 Corey Trivino Jason Akeson 60 1 2 2
2 Marek Zagrapan Tyler Pitlick 40 1 2 2
4 vs 4 Defense
Defense Defense Time % Phy DF OF
1 Cameron Gaunce Philip Larsen 60 1 2 2
2 Alex Petrovic Brian Dumoulin 40 1 2 2
Last Minutes Offensive
Center Left Wing Right Wing Defense Defense
Marek Zagrapan Nick Spaling Jason Akeson Cameron Gaunce Philip Larsen
Last Minutes Defensive
Center Left Wing Right Wing Defense Defense
Corey Trivino Nick Spaling Tyler Pitlick Cameron Gaunce Philip Larsen
Goaltenders
Starting : Andrew Hammond
Backup : Kristers Gudlevskis
Extra Forwards
Normal : Jason Akeson, Tyler Pitlick, Nick Spaling - PP : Jason Akeson, Tyler Pitlick - PK : Nick Spaling
Extra Defensemen
Normal : Cameron Gaunce, Philip Larsen, Brian Dumoulin - PP : Philip Larsen - PK : Philip Larsen, Cameron Gaunce
Penalty Shots
Corey Trivino, Lars Eller, Marek Zagrapan, Peter Holland, Sergey Tolchinsky
Scratches
Tyler Lewington (Healthy), Tobias Lindberg (Healthy), Andrey Pedan (Healthy), Charles Hudon (Healthy), Barclay Goodrow (Healthy)
David Musil (Healthy), Andrei Mironov (Healthy), Darcy Kuemper (Healthy), Joni Ortio (Healthy)
Patriotes
5 vs 5 Forward
Center Left Wing Right Wing Time % Phy DF OF
1 Cody Eakin Jason Zucker Tyler Kennedy 40 1 2 2
2 Christian Hanson Matt Calvert Andrew Gordon 30 1 2 2
3 Aleksander Barkov Justin Florek Tyler Randell 20 1 2 2
4 Jared Knight Austin Watson Emerson Etem 10 1 2 2
5 vs 5 Defense
Defense Defense Time % Phy DF OF
1 Timothy Kunes Shane Sims 40 1 2 2
2 David Kolomatis Shea Theodore 30 1 2 2
3 Dillon Heatherington Timothy Kunes 20 1 2 2
4 Shane Sims David Kolomatis 10 1 2 2
PowerPlay Forward
Center Left Wing Right Wing Time % Phy DF OF
1 Cody Eakin Jason Zucker Tyler Kennedy 60 1 2 2
2 Christian Hanson Matt Calvert Andrew Gordon 40 1 2 2
PowerPlay Defense
Defense Defense Time % Phy DF OF
1 Timothy Kunes Shane Sims 60 1 2 2
2 David Kolomatis Shea Theodore 40 1 2 2
Penalty Kill 4 Players Forward
Center Wing Time % Phy DF OF
1 Tyler Kennedy Cody Eakin 60 1 2 2
2 Andrew Gordon Jason Zucker 40 1 2 2
Penalty Kill 4 Players Defense
Defense Defense Time % Phy DF OF
1 Timothy Kunes Shane Sims 60 1 2 2
2 David Kolomatis Shea Theodore 40 1 2 2
Penalty Kill - 3 Players Forward
Forward Time % Phy DF OF
1 Tyler Kennedy 60 1 2 2
2 Cody Eakin 40 1 2 2
Penalty Kill - 3 Players Defense
Defense Defense Time % Phy DF OF
1 Timothy Kunes Shane Sims 60 1 2 2
2 David Kolomatis Shea Theodore 40 1 2 2
4 vs 4 Forward
Center Wing Time % Phy DF OF
1 Tyler Kennedy Cody Eakin 60 1 2 2
2 Andrew Gordon Jason Zucker 40 1 2 2
4 vs 4 Defense
Defense Defense Time % Phy DF OF
1 Timothy Kunes Shane Sims 60 1 2 2
2 David Kolomatis Shea Theodore 40 1 2 2
Last Minutes Offensive
Center Left Wing Right Wing Defense Defense
Cody Eakin Jason Zucker Tyler Kennedy Timothy Kunes Shane Sims
Last Minutes Defensive
Center Left Wing Right Wing Defense Defense
Cody Eakin Jason Zucker Tyler Kennedy Timothy Kunes Shane Sims
Goaltenders
Starting : Marek Schwarz
Backup : Thomas Greiss
Extra Forwards
Normal : Borna Rendulic, Dale Weise, Ryan Fitzgerald - PP : Borna Rendulic, Dale Weise - PK : Ryan Fitzgerald
Extra Defensemen
Normal : Dillon Heatherington, Shea Theodore, Timothy Kunes - PP : Dillon Heatherington - PK : Shea Theodore, Timothy Kunes
Penalty Shots
Tyler Kennedy, Cody Eakin, Andrew Gordon, Jason Zucker, Christian Hanson
Scratches
Anthony Bitetto (Healthy), Aaron Ness (Broken Bone (Right Leg) Injury), Andrei Vasilevskiy (Healthy), Phoenix Copley (Healthy)
% Time on Ice - Diablos
Lines # - Real PCT - Wanted PCT - Time Play
Normal Forward
1 - 36% - 40% - 15:39
2 - 31% - 30% - 13:23
3 - 21% - 20% - 9:06
4 - 12% - 10% - 5:24
Normal Defense
1 - 40% - 40% - 17:18
2 - 33% - 30% - 14:13
3 - 22% - 20% - 9:36
4 - 6% - 10% - 2:25
PP Forward
1 - 56% - 60% - 4:57
2 - 44% - 40% - 3:54
PP Defense
1 - 60% - 60% - 5:17
2 - 40% - 40% - 3:34
PK Forward
1 - 74% - 60% - 4:49
2 - 26% - 40% - 1:44
PK Defense
1 - 68% - 60% - 4:28
2 - 32% - 40% - 2:05
PK3 Forward
1 - 94% - 60% - 1:00
2 - 6% - 40% - 0:04
PK3 Defense
1 - 61% - 60% - 0:39
2 - 39% - 40% - 0:25
44 Forward
1 - 0% - 60%
2 - 0% - 40%
44 Defense
1 - 0% - 60%
2 - 0% - 40%
Last Minute Offensive - 0:00
Last Minute Defensive - 0:00
Total
Forward - 60:00
Defense - 60:00
|
% Time on Ice - Patriotes
Lines # - Real PCT - Wanted PCT - Time Play
Normal Forward
1 - 35% - 40% - 15:09
2 - 29% - 30% - 12:46
3 - 21% - 20% - 9:03
4 - 15% - 10% - 6:34
Normal Defense
1 - 37% - 40% - 15:58
2 - 35% - 30% - 15:04
3 - 20% - 20% - 8:31
4 - 9% - 10% - 3:59
PP Forward
1 - 55% - 60% - 4:13
2 - 45% - 40% - 3:24
PP Defense
1 - 66% - 60% - 5:00
2 - 34% - 40% - 2:37
PK Forward
1 - 76% - 60% - 6:43
2 - 24% - 40% - 2:08
PK Defense
1 - 64% - 60% - 5:40
2 - 36% - 40% - 3:11
PK3 Forward
1 - 0% - 60%
2 - 0% - 40%
PK3 Defense
1 - 0% - 60%
2 - 0% - 40%
44 Forward
1 - 0% - 60%
2 - 0% - 40%
44 Defense
1 - 0% - 60%
2 - 0% - 40%
Last Minute Offensive - 0:00
Last Minute Defensive - 0:00
Total
Forward - 60:00
Defense - 60:00
|
Play-by-Play
1st period
0:01 of 1st period - Corey Trivino wins face-off versus Cody Eakin in neutral zone.
0:16 of 1st period - Snap shot by Jason Zucker.
0:16 of 1st period - Stopped by Andrew Hammond without a rebound.
0:17 of 1st period - Christian Hanson wins face-off versus Lars Eller in Diablos zone.
0:20 of 1st period - Slapshot by Matt Calvert.
0:20 of 1st period - Shot Misses the Net.
0:48 of 1st period - Wrist shot by Jordan Szwarz.
0:48 of 1st period - Stopped by Marek Schwarz without a rebound.
0:49 of 1st period - Marek Zagrapan wins face-off versus Jared Knight in Patriotes zone.
0:56 of 1st period - Wrist shot by Marek Zagrapan.
0:56 of 1st period - Shot Misses the Net.
0:58 of 1st period - Minor Penalty to Timothy Kunes for Interference.
0:59 of 1st period - Tyler Kennedy wins face-off versus Marek Zagrapan in Patriotes zone.
0:59 of 1st period - Tyler Kennedy is hit by Brian Dumoulin.
1:09 of 1st period - Snap shot by Cody Eakin.
1:09 of 1st period - Shot Misses the Net.
1:25 of 1st period - Jordan Szwarz is hit by Andrew Gordon and loses puck.
1:30 of 1st period - Snap shot by Jason Zucker.
1:30 of 1st period - Goal by Jason Zucker - Diablos : 0 - Patriotes : 1.
1:31 of 1st period - Tyler Kennedy wins face-off versus Nick Spaling in neutral zone.
1:40 of 1st period - Shea Theodore is hit by Cameron Gaunce and loses puck.
2:02 of 1st period - Wrist shot by Jordan Szwarz.
2:02 of 1st period - Shot Blocked by Shea Theodore.
2:04 of 1st period - Slapshot by Brian Dumoulin.
2:04 of 1st period - Stopped by Marek Schwarz with a rebound.
2:06 of 1st period - Wrist shot by Philip Larsen.
2:06 of 1st period - Goal by Philip Larsen - Diablos : 1 - Patriotes : 1.
2:07 of 1st period - Andrew Gordon wins face-off versus Corey Trivino in neutral zone.
2:30 of 1st period - Minor Penalty to Timothy Kunes for High sticking.
2:31 of 1st period - Jason Zucker wins face-off versus Marek Zagrapan in Patriotes zone.
2:56 of 1st period - Shane Sims is hit by Jordan Szwarz and loses puck.
4:30 of 1st period - Penalty to Timothy Kunes is over, Timothy Kunes is back on ice.
4:58 of 1st period - Snap shot by Jason Akeson.
4:58 of 1st period - Stopped by Marek Schwarz with a rebound.
5:12 of 1st period - Wrist shot by Timothy Kunes.
5:12 of 1st period - Shot Blocked by Cameron Gaunce.
5:32 of 1st period - Slapshot by David Kolomatis.
5:32 of 1st period - Stopped by Andrew Hammond with a rebound.
5:34 of 1st period - Slapshot by Timothy Kunes.
5:34 of 1st period - Shot Misses the Net.
5:36 of 1st period - Slapshot by Dillon Heatherington.
5:36 of 1st period - Stopped by Andrew Hammond with a rebound.
5:38 of 1st period - Wrist shot by Timothy Kunes.
5:38 of 1st period - Shot Misses the Net.
5:44 of 1st period - Slapshot by David Kolomatis.
5:44 of 1st period - Deflect By Timothy Kunes.
5:44 of 1st period - Stopped by Andrew Hammond without a rebound.
5:45 of 1st period - Christian Hanson wins face-off versus Lars Eller in Diablos zone.
6:13 of 1st period - Slapshot by Jordan Szwarz.
6:13 of 1st period - Shot Blocked by Shea Theodore.
6:21 of 1st period - Slapshot by Shane Sims.
6:21 of 1st period - Deflect By Justin Florek.
6:21 of 1st period - Stopped by Andrew Hammond with a rebound.
6:37 of 1st period - Brian Dumoulin is hit by Matt Calvert and loses puck.
7:08 of 1st period - Bryan Bickell is hit by Jared Knight and loses puck.
7:23 of 1st period - Penalty Shot by Emerson Etem for Patriotes.
7:23 of 1st period - Snap shot by Emerson Etem.
7:23 of 1st period - Goal by Emerson Etem - Diablos : 1 - Patriotes : 2.
7:24 of 1st period - Cody Eakin wins face-off versus Peter Holland in neutral zone.
7:25 of 1st period - Lars Eller wins face-off versus Cody Eakin in Patriotes zone.
7:34 of 1st period - Snap shot by Cody Eakin.
7:34 of 1st period - Shot Misses the Net.
7:37 of 1st period - Icing by Cameron Gaunce.
7:38 of 1st period - Lars Eller wins face-off versus Christian Hanson in Diablos zone.
7:52 of 1st period - Off-side.
7:53 of 1st period - Justin Florek wins face-off versus Corey Trivino in neutral zone.
8:46 of 1st period - Wrist shot by Matt Calvert.
8:46 of 1st period - Stopped by Andrew Hammond with a rebound.
8:48 of 1st period - Snap shot by Andrew Gordon.
8:48 of 1st period - Shot Misses the Net.
8:50 of 1st period - Slapshot by Shea Theodore.
8:50 of 1st period - Stopped by Andrew Hammond without a rebound.
8:51 of 1st period - Corey Trivino wins face-off versus Tyler Kennedy in Diablos zone.
8:53 of 1st period - Icing by Cameron Gaunce.
8:54 of 1st period - Cody Eakin wins face-off versus Corey Trivino in Diablos zone.
8:55 of 1st period - Snap shot by Tyler Kennedy.
8:55 of 1st period - Shot Misses the Net.
8:57 of 1st period - Snap shot by Timothy Kunes.
8:57 of 1st period - Shot Blocked by Jason Akeson.
10:01 of 1st period - Shane Sims is hit by Peter Holland and loses puck.
10:12 of 1st period - Slapshot by Philip Larsen.
10:12 of 1st period - Shot Blocked by Shane Sims.
10:25 of 1st period - Off-side.
10:26 of 1st period - Nick Spaling wins face-off versus Cody Eakin in neutral zone.
11:45 of 1st period - Wrist shot by Cody Eakin.
11:45 of 1st period - Deflect By Tyler Kennedy.
11:45 of 1st period - Goal by Tyler Kennedy - Diablos : 1 - Patriotes : 3.
11:46 of 1st period - Corey Trivino wins face-off versus Christian Hanson in neutral zone.
11:49 of 1st period - Snap shot by Nick Spaling.
11:49 of 1st period - Stopped by Marek Schwarz with a rebound.
11:54 of 1st period - Minor Penalty to Alex Petrovic for Hooking.
11:55 of 1st period - Andrew Gordon wins face-off versus Lars Eller in Diablos zone.
13:13 of 1st period - Shane Sims is hit by Bryan Bickell.
13:54 of 1st period - Penalty to Alex Petrovic is over, Alex Petrovic is back on ice.
14:05 of 1st period - Slapshot by Tyler Randell.
14:05 of 1st period - Stopped by Andrew Hammond with a rebound.
14:19 of 1st period - Slapshot by Peter Holland.
14:19 of 1st period - Shot Blocked by David Kolomatis.
14:21 of 1st period - Slapshot by Brian Dumoulin.
14:21 of 1st period - Stopped by Marek Schwarz with a rebound.
14:23 of 1st period - Snap shot by Sergey Tolchinsky.
14:23 of 1st period - Shot Misses the Net.
14:25 of 1st period - Slapshot by Peter Holland.
14:25 of 1st period - Stopped by Marek Schwarz with a rebound.
14:37 of 1st period - Dillon Heatherington is hit by Nick Spaling and loses puck.
15:18 of 1st period - Emerson Etem is hit by Peter Holland and loses puck.
16:12 of 1st period - Cody Eakin is hit by Lars Eller and loses puck.
16:43 of 1st period - Cody Eakin is hit by Marek Zagrapan and loses puck.
17:02 of 1st period - Wrist shot by Andrew Gordon.
17:02 of 1st period - Stopped by Andrew Hammond without a rebound.
17:03 of 1st period - Emerson Etem wins face-off versus Peter Holland in Diablos zone.
17:04 of 1st period - Snap shot by Shane Sims.
17:04 of 1st period - Shot Misses the Net.
17:06 of 1st period - Backhand shot by Emerson Etem.
17:06 of 1st period - Shot Misses the Net.
17:14 of 1st period - Backhand shot by Emerson Etem.
17:14 of 1st period - Deflect By Jared Knight.
17:14 of 1st period - Stopped by Andrew Hammond with a rebound.
17:17 of 1st period - Icing by Viktor Loov.
17:18 of 1st period - Aleksander Barkov wins face-off versus Peter Holland in Diablos zone.
17:19 of 1st period - Snap shot by Tyler Randell.
17:19 of 1st period - Stopped by Andrew Hammond without a rebound.
17:20 of 1st period - Corey Trivino wins face-off versus Aleksander Barkov in Diablos zone.
17:20 of 1st period - Corey Trivino is hit by Justin Florek.
17:52 of 1st period - Slapshot by Timothy Kunes.
17:52 of 1st period - Shot Blocked by Jordan Szwarz.
17:54 of 1st period - Snap shot by Dillon Heatherington.
17:54 of 1st period - Stopped by Andrew Hammond without a rebound.
17:55 of 1st period - Lars Eller wins face-off versus Matt Calvert in Diablos zone.
18:38 of 1st period - Snap shot by Matt Calvert.
18:38 of 1st period - Shot Blocked by Corey Trivino.
18:44 of 1st period - Wrist shot by Andrew Gordon.
18:44 of 1st period - Shot Misses the Net.
18:52 of 1st period - Snap shot by Nick Spaling.
18:52 of 1st period - Deflect By Jason Akeson.
18:52 of 1st period - Shot Blocked by Matt Calvert.
18:52 of 1st period - Puck is out of play.
18:53 of 1st period - Cody Eakin wins face-off versus Lars Eller in Patriotes zone.
19:06 of 1st period - Wrist shot by Jason Zucker.
19:06 of 1st period - Stopped by Andrew Hammond with a rebound.
Goals for this period are 1 for Diablos vs 3 for Patriotes.
Shots for this period are 7 for Diablos vs 15 for Patriotes.
2nd period
0:01 of 2nd period - Cody Eakin wins face-off versus Corey Trivino in neutral zone.
0:42 of 2nd period - Snap shot by Nick Spaling.
0:42 of 2nd period - Stopped by Marek Schwarz with a rebound.
0:44 of 2nd period - Slapshot by Cameron Gaunce.
0:44 of 2nd period - Deflect By Shea Theodore.
0:44 of 2nd period - Stopped by Marek Schwarz without a rebound.
0:45 of 2nd period - Christian Hanson wins face-off versus Jiri Sekac in Patriotes zone.
0:58 of 2nd period - Snap shot by Lars Eller.
0:58 of 2nd period - Stopped by Marek Schwarz with a rebound.
1:12 of 2nd period - Tyler Pitlick is hit by Tyler Randell and loses puck.
1:17 of 2nd period - Wrist shot by Tyler Randell.
1:17 of 2nd period - Goal by Tyler Randell - Diablos : 1 - Patriotes : 4.
1:17 of 2nd period - Kristers Gudlevskis enters game.
1:18 of 2nd period - Corey Trivino wins face-off versus Cody Eakin in neutral zone.
1:21 of 2nd period - Slapshot by Brian Dumoulin.
1:21 of 2nd period - Shot Misses the Net.
1:34 of 2nd period - Off-side.
1:35 of 2nd period - Lars Eller wins face-off versus Christian Hanson in neutral zone.
1:44 of 2nd period - Snap shot by Lars Eller.
1:44 of 2nd period - Stopped by Marek Schwarz with a rebound.
1:46 of 2nd period - Snap shot by Jordan Szwarz.
1:46 of 2nd period - Stopped by Marek Schwarz with a rebound.
1:48 of 2nd period - Snap shot by Lars Eller.
1:48 of 2nd period - Stopped by Marek Schwarz with a rebound.
1:50 of 2nd period - Slapshot by Brian Dumoulin.
1:50 of 2nd period - Stopped by Marek Schwarz without a rebound.
1:51 of 2nd period - Corey Trivino wins face-off versus Cody Eakin in Patriotes zone.
2:16 of 2nd period - Nick Spaling is hit by Timothy Kunes and loses puck.
2:40 of 2nd period - Off-side.
2:41 of 2nd period - Lars Eller wins face-off versus Christian Hanson in neutral zone.
3:06 of 2nd period - Andrew Gordon is hit by Lars Eller and loses puck.
3:53 of 2nd period - Wrist shot by Lars Eller.
3:53 of 2nd period - Shot Blocked by David Kolomatis.
4:37 of 2nd period - Slapshot by Christian Hanson.
4:37 of 2nd period - Shot Misses the Net.
4:39 of 2nd period - Snap shot by Christian Hanson.
4:39 of 2nd period - Stopped by Kristers Gudlevskis without a rebound.
4:40 of 2nd period - Cody Eakin wins face-off versus Corey Trivino in Diablos zone.
4:44 of 2nd period - Minor Penalty to Nick Spaling for Hooking.
4:45 of 2nd period - Cody Eakin wins face-off versus Peter Holland in Diablos zone.
4:50 of 2nd period - Wrist shot by Jason Zucker.
4:50 of 2nd period - Goal by Jason Zucker - Diablos : 1 - Patriotes : 5.
4:51 of 2nd period - Cody Eakin wins face-off versus Corey Trivino in neutral zone.
4:56 of 2nd period - Snap shot by Tyler Kennedy.
4:56 of 2nd period - Stopped by Kristers Gudlevskis without a rebound.
4:57 of 2nd period - Cody Eakin wins face-off versus Corey Trivino in Diablos zone.
5:02 of 2nd period - Snap shot by Tyler Kennedy.
5:02 of 2nd period - Stopped by Kristers Gudlevskis with a rebound.
5:04 of 2nd period - Snap shot by Cody Eakin.
5:04 of 2nd period - Stopped by Kristers Gudlevskis without a rebound.
5:05 of 2nd period - Corey Trivino wins face-off versus Cody Eakin in Diablos zone.
5:16 of 2nd period - Slapshot by Nick Spaling.
5:16 of 2nd period - Shot Misses the Net.
5:46 of 2nd period - Wrist shot by Marek Zagrapan.
5:46 of 2nd period - Stopped by Marek Schwarz with a rebound.
6:11 of 2nd period - Slapshot by Jiri Sekac.
6:11 of 2nd period - Shot Misses the Net.
6:13 of 2nd period - Slapshot by Philip Larsen.
6:13 of 2nd period - Deflect By Andrew Gordon.
6:13 of 2nd period - Stopped by Marek Schwarz with a rebound.
6:38 of 2nd period - David Kolomatis is hit by Brian Dumoulin.
7:04 of 2nd period - Nikita Nesterov is hit by Timothy Kunes and loses puck.
7:21 of 2nd period - Dillon Heatherington is hit by Jordan Szwarz and loses puck.
7:40 of 2nd period - Snap shot by Danny Kristo.
7:40 of 2nd period - Stopped by Marek Schwarz with a rebound.
7:42 of 2nd period - Snap shot by Peter Holland.
7:42 of 2nd period - Shot Misses the Net.
7:44 of 2nd period - Slapshot by Philip Larsen.
7:44 of 2nd period - Deflect By Peter Holland.
7:44 of 2nd period - Stopped by Marek Schwarz with a rebound.
7:46 of 2nd period - Wrist shot by Danny Kristo.
7:46 of 2nd period - Stopped by Marek Schwarz with a rebound.
8:08 of 2nd period - Austin Watson is hit by Jason Akeson and loses puck.
8:25 of 2nd period - David Kolomatis is hit by Bryan Bickell and loses puck.
8:35 of 2nd period - Minor Penalty to Shane Sims for Hooking.
8:36 of 2nd period - Marek Zagrapan wins face-off versus Tyler Kennedy in Patriotes zone.
8:36 of 2nd period - Snap shot by Nick Spaling.
8:36 of 2nd period - Goal by Nick Spaling - Diablos : 2 - Patriotes : 5.
8:37 of 2nd period - Corey Trivino wins face-off versus Cody Eakin in neutral zone.
8:40 of 2nd period - Slapshot by Jason Akeson.
8:40 of 2nd period - Stopped by Marek Schwarz without a rebound.
8:41 of 2nd period - Corey Trivino wins face-off versus Cody Eakin in Patriotes zone.
8:42 of 2nd period - Snap shot by Nick Spaling.
8:42 of 2nd period - Shot Misses the Net.
8:56 of 2nd period - Wrist shot by Cody Eakin.
8:56 of 2nd period - Deflect By Jason Akeson.
8:56 of 2nd period - Shot Misses the Net.
8:56 of 2nd period - Puck is out of play.
8:57 of 2nd period - Lars Eller wins face-off versus Aleksander Barkov in Diablos zone.
8:57 of 2nd period - Lars Eller is hit by Aleksander Barkov.
9:13 of 2nd period - Snap shot by Jiri Sekac.
9:13 of 2nd period - Shot Blocked by Justin Florek.
9:42 of 2nd period - Snap shot by Marek Zagrapan.
9:42 of 2nd period - Shot Misses the Net.
9:44 of 2nd period - Slapshot by Alex Petrovic.
9:44 of 2nd period - Shot Misses the Net.
9:46 of 2nd period - Slapshot by Alex Petrovic.
9:46 of 2nd period - Stopped by Marek Schwarz without a rebound.
9:47 of 2nd period - Christian Hanson wins face-off versus Lars Eller in Patriotes zone.
9:47 of 2nd period - Christian Hanson is hit by Jordan Szwarz.
9:55 of 2nd period - Viktor Loov is hit by Christian Hanson and loses puck.
10:32 of 2nd period - Off-side.
10:33 of 2nd period - Jason Akeson wins face-off versus Cody Eakin in neutral zone.
10:38 of 2nd period - Wrist shot by Corey Trivino.
10:38 of 2nd period - Stopped by Marek Schwarz with a rebound.
10:40 of 2nd period - Snap shot by Jason Akeson.
10:40 of 2nd period - Shot Misses the Net.
10:42 of 2nd period - Slapshot by Brian Dumoulin.
10:42 of 2nd period - Stopped by Marek Schwarz without a rebound.
10:43 of 2nd period - Jason Akeson wins face-off versus Jason Zucker in Patriotes zone.
10:46 of 2nd period - Snap shot by Jason Akeson.
10:46 of 2nd period - Shot Misses the Net.
10:52 of 2nd period - Snap shot by Corey Trivino.
10:52 of 2nd period - Stopped by Marek Schwarz with a rebound.
11:24 of 2nd period - Wrist shot by Cody Eakin.
11:24 of 2nd period - Deflect By Jason Zucker.
11:24 of 2nd period - Stopped by Kristers Gudlevskis with a rebound.
11:42 of 2nd period - Snap shot by Tyler Kennedy.
11:42 of 2nd period - Stopped by Kristers Gudlevskis with a rebound.
12:02 of 2nd period - Snap shot by Tyler Kennedy.
12:02 of 2nd period - Stopped by Kristers Gudlevskis without a rebound.
12:03 of 2nd period - Justin Florek wins face-off versus Marek Zagrapan in Diablos zone.
12:49 of 2nd period - Snap shot by Tyler Randell.
12:49 of 2nd period - Shot Blocked by Danny Kristo.
13:01 of 2nd period - Wrist shot by Tyler Randell.
13:01 of 2nd period - Stopped by Kristers Gudlevskis with a rebound.
13:03 of 2nd period - Slapshot by Tyler Randell.
13:03 of 2nd period - Goal by Tyler Randell - Diablos : 2 - Patriotes : 6.
13:04 of 2nd period - Marek Zagrapan wins face-off versus Christian Hanson in neutral zone.
13:11 of 2nd period - Wrist shot by Bryan Bickell.
13:11 of 2nd period - Shot Blocked by Timothy Kunes.
14:02 of 2nd period - Snap shot by Shea Theodore.
14:02 of 2nd period - Stopped by Kristers Gudlevskis with a rebound.
14:30 of 2nd period - Slapshot by Shea Theodore.
14:30 of 2nd period - Deflect By Justin Florek.
14:30 of 2nd period - Stopped by Kristers Gudlevskis with a rebound.
14:38 of 2nd period - Snap shot by Bryan Bickell.
14:38 of 2nd period - Shot Blocked by Aleksander Barkov.
14:40 of 2nd period - Snap shot by Marek Zagrapan.
14:40 of 2nd period - Deflect By Tyler Pitlick.
14:40 of 2nd period - Shot Blocked by David Kolomatis.
14:40 of 2nd period - Puck is out of play.
14:41 of 2nd period - Marek Zagrapan wins face-off versus Tyler Kennedy in Patriotes zone.
14:48 of 2nd period - Wrist shot by Tyler Pitlick.
14:48 of 2nd period - Shot Misses the Net.
14:50 of 2nd period - Wrist shot by Tyler Pitlick.
14:50 of 2nd period - Goal by Tyler Pitlick - Diablos : 3 - Patriotes : 6.
14:51 of 2nd period - Jason Akeson wins face-off versus Tyler Kennedy in neutral zone.
16:25 of 2nd period - Snap shot by Jordan Szwarz.
16:25 of 2nd period - Stopped by Marek Schwarz with a rebound.
16:45 of 2nd period - Wrist shot by Jordan Szwarz.
16:45 of 2nd period - Stopped by Marek Schwarz without a rebound.
16:46 of 2nd period - Cody Eakin wins face-off versus Corey Trivino in Patriotes zone.
16:46 of 2nd period - Cody Eakin is hit by Jason Akeson.
17:19 of 2nd period - Snap shot by Matt Calvert.
17:19 of 2nd period - Stopped by Kristers Gudlevskis with a rebound.
17:21 of 2nd period - Slapshot by Timothy Kunes.
17:21 of 2nd period - Shot Misses the Net.
17:40 of 2nd period - Minor Penalty to Dillon Heatherington for Interference.
17:41 of 2nd period - Tyler Kennedy wins face-off versus Marek Zagrapan in Patriotes zone.
19:40 of 2nd period - Penalty to Dillon Heatherington is over, Dillon Heatherington is back on ice.
19:54 of 2nd period - Wrist shot by Justin Florek.
19:54 of 2nd period - Deflect By Brian Dumoulin.
19:54 of 2nd period - Stopped by Kristers Gudlevskis without a rebound.
19:55 of 2nd period - Aleksander Barkov wins face-off versus Marek Zagrapan in Diablos zone.
Goals for this period are 2 for Diablos vs 3 for Patriotes.
Shots for this period are 21 for Diablos vs 15 for Patriotes.
3rd period
0:01 of 3rd period - Corey Trivino wins face-off versus Cody Eakin in neutral zone.
0:03 of 3rd period - Brian Dumoulin is hit by Timothy Kunes and loses puck.
0:07 of 3rd period - Icing by Timothy Kunes.
0:08 of 3rd period - Corey Trivino wins face-off versus Cody Eakin in Patriotes zone.
0:09 of 3rd period - Slapshot by Jason Akeson.
0:09 of 3rd period - Shot Misses the Net.
0:15 of 3rd period - Wrist shot by Cody Eakin.
0:15 of 3rd period - Goal by Cody Eakin - Diablos : 3 - Patriotes : 7.
0:16 of 3rd period - Corey Trivino wins face-off versus Tyler Kennedy in neutral zone.
0:42 of 3rd period - Cameron Gaunce is hit by Justin Florek and loses puck.
1:13 of 3rd period - Wrist shot by Jared Knight.
1:13 of 3rd period - Stopped by Kristers Gudlevskis with a rebound.
2:12 of 3rd period - Brian Dumoulin is hit by Tyler Randell and loses puck.
2:54 of 3rd period - Snap shot by Christian Hanson.
2:54 of 3rd period - Stopped by Kristers Gudlevskis with a rebound.
3:16 of 3rd period - Icing by Cody Eakin.
3:17 of 3rd period - Corey Trivino wins face-off versus Cody Eakin in Patriotes zone.
3:24 of 3rd period - Snap shot by Nick Spaling.
3:24 of 3rd period - Stopped by Marek Schwarz without a rebound.
3:25 of 3rd period - Corey Trivino wins face-off versus Cody Eakin in Patriotes zone.
3:26 of 3rd period - Snap shot by Nick Spaling.
3:26 of 3rd period - Shot Misses the Net.
3:28 of 3rd period - Minor Penalty to Shane Sims for Roughing.
3:29 of 3rd period - Marek Zagrapan wins face-off versus Tyler Kennedy in Patriotes zone.
3:58 of 3rd period - Snap shot by Philip Larsen.
3:58 of 3rd period - Deflect By Jiri Sekac.
3:58 of 3rd period - Stopped by Marek Schwarz with a rebound.
4:00 of 3rd period - Wrist shot by Peter Holland.
4:00 of 3rd period - Stopped by Marek Schwarz without a rebound.
4:01 of 3rd period - Marek Zagrapan wins face-off versus Tyler Kennedy in Patriotes zone.
4:43 of 3rd period - Backhand shot by Brian Dumoulin.
4:43 of 3rd period - Stopped by Marek Schwarz with a rebound.
4:45 of 3rd period - Wrist shot by Peter Holland.
4:45 of 3rd period - Stopped by Marek Schwarz without a rebound.
4:46 of 3rd period - Marek Zagrapan wins face-off versus Tyler Kennedy in Patriotes zone.
4:55 of 3rd period - Snap shot by Marek Zagrapan.
4:55 of 3rd period - Stopped by Marek Schwarz without a rebound.
4:56 of 3rd period - Tyler Kennedy wins face-off versus Marek Zagrapan in Patriotes zone.
5:13 of 3rd period - Snap shot by Jason Akeson.
5:13 of 3rd period - Goal by Jason Akeson - Diablos : 4 - Patriotes : 7.
5:14 of 3rd period - Corey Trivino wins face-off versus Cody Eakin in neutral zone.
5:18 of 3rd period - Minor Penalty to Tyler Kennedy for Tripping.
5:19 of 3rd period - Marek Zagrapan wins face-off versus Ryan Fitzgerald in Patriotes zone.
5:21 of 3rd period - Slapshot by Marek Zagrapan.
5:21 of 3rd period - Stopped by Marek Schwarz without a rebound.
5:22 of 3rd period - Marek Zagrapan wins face-off versus Ryan Fitzgerald in Patriotes zone.
5:35 of 3rd period - Snap shot by Jason Akeson.
5:35 of 3rd period - Shot Blocked by Timothy Kunes.
5:57 of 3rd period - Wrist shot by Jordan Szwarz.
5:57 of 3rd period - Shot Misses the Net.
6:23 of 3rd period - Jordan Szwarz is hit by Christian Hanson and loses puck.
7:18 of 3rd period - Penalty to Tyler Kennedy is over, Tyler Kennedy is back on ice.
7:35 of 3rd period - David Kolomatis is hit by Tyler Pitlick and loses puck.
7:40 of 3rd period - Backhand shot by Tyler Pitlick.
7:40 of 3rd period - Shot Misses the Net.
7:54 of 3rd period - Viktor Loov is hit by Jared Knight and loses puck.
8:07 of 3rd period - Minor Penalty to Sergey Tolchinsky for Holding.
8:08 of 3rd period - Lars Eller wins face-off versus Cody Eakin in Diablos zone.
8:17 of 3rd period - Snap shot by Jason Zucker.
8:17 of 3rd period - Stopped by Kristers Gudlevskis without a rebound.
8:18 of 3rd period - Nick Spaling wins face-off versus Cody Eakin in Diablos zone.
8:33 of 3rd period - Wrist shot by Cody Eakin.
8:33 of 3rd period - Shot Blocked by Lars Eller.
8:37 of 3rd period - Snap shot by Cody Eakin.
8:37 of 3rd period - Shot Misses the Net.
8:39 of 3rd period - Wrist shot by Timothy Kunes.
8:39 of 3rd period - Stopped by Kristers Gudlevskis with a rebound.
8:41 of 3rd period - Wrist shot by Jason Zucker.
8:41 of 3rd period - Deflect By Cody Eakin.
8:41 of 3rd period - Shot Blocked by Philip Larsen.
8:41 of 3rd period - Puck is out of play.
8:42 of 3rd period - Matt Calvert wins face-off versus Lars Eller in Diablos zone.
8:43 of 3rd period - Slapshot by Andrew Gordon.
8:43 of 3rd period - Stopped by Kristers Gudlevskis without a rebound.
8:44 of 3rd period - Matt Calvert wins face-off versus Lars Eller in Diablos zone.
8:45 of 3rd period - Wrist shot by Andrew Gordon.
8:45 of 3rd period - Shot Misses the Net.
8:47 of 3rd period - Slapshot by Shane Sims.
8:47 of 3rd period - Shot Blocked by Viktor Loov.
8:49 of 3rd period - Slapshot by Timothy Kunes.
8:49 of 3rd period - Deflect By Christian Hanson.
8:49 of 3rd period - Shot Blocked by Brian Dumoulin.
8:49 of 3rd period - Puck is out of play.
8:50 of 3rd period - Lars Eller wins face-off versus Christian Hanson in Diablos zone.
9:02 of 3rd period - Minor Penalty to Nick Spaling for Hooking.
9:03 of 3rd period - Cody Eakin wins face-off versus Corey Trivino in Diablos zone.
9:09 of 3rd period - Wrist shot by Tyler Kennedy.
9:09 of 3rd period - Stopped by Kristers Gudlevskis without a rebound.
9:10 of 3rd period - Cody Eakin wins face-off versus Corey Trivino in Diablos zone.
9:41 of 3rd period - Wrist shot by Timothy Kunes.
9:41 of 3rd period - Stopped by Kristers Gudlevskis without a rebound.
9:42 of 3rd period - Cody Eakin wins face-off versus Corey Trivino in Diablos zone.
9:51 of 3rd period - Snap shot by Tyler Kennedy.
9:51 of 3rd period - Shot Misses the Net.
10:07 of 3rd period - Penalty to Sergey Tolchinsky is over, Sergey Tolchinsky is back on ice.
10:09 of 3rd period - Philip Larsen is hit by Matt Calvert and loses puck.
10:14 of 3rd period - Wrist shot by Matt Calvert.
10:14 of 3rd period - Shot Blocked by Marek Zagrapan.
10:16 of 3rd period - Slapshot by Shane Sims.
10:16 of 3rd period - Deflect By Philip Larsen.
10:16 of 3rd period - Goal by Shane Sims - Diablos : 4 - Patriotes : 8.
10:17 of 3rd period - Cody Eakin wins face-off versus Corey Trivino in neutral zone.
10:28 of 3rd period - Cameron Gaunce is hit by Cody Eakin and loses puck.
10:51 of 3rd period - Off-side.
10:52 of 3rd period - Cody Eakin wins face-off versus Corey Trivino in neutral zone.
11:22 of 3rd period - Wrist shot by Jordan Szwarz.
11:22 of 3rd period - Stopped by Marek Schwarz with a rebound.
11:24 of 3rd period - Slapshot by Alex Petrovic.
11:24 of 3rd period - Goal by Alex Petrovic - Diablos : 5 - Patriotes : 8.
11:25 of 3rd period - Corey Trivino wins face-off versus Cody Eakin in neutral zone.
11:28 of 3rd period - Slapshot by Cameron Gaunce.
11:28 of 3rd period - Deflect By Jason Akeson.
11:28 of 3rd period - Shot Misses the Net.
11:28 of 3rd period - Puck is out of play.
11:29 of 3rd period - Corey Trivino wins face-off versus Cody Eakin in Patriotes zone.
11:36 of 3rd period - Snap shot by Nick Spaling.
11:36 of 3rd period - Shot Blocked by Jason Zucker.
11:38 of 3rd period - Slapshot by Cameron Gaunce.
11:38 of 3rd period - Deflect By Corey Trivino.
11:38 of 3rd period - Stopped by Marek Schwarz with a rebound.
11:40 of 3rd period - Slapshot by Cameron Gaunce.
11:40 of 3rd period - Deflect By Timothy Kunes.
11:40 of 3rd period - Stopped by Marek Schwarz with a rebound.
11:42 of 3rd period - Slapshot by Brian Dumoulin.
11:42 of 3rd period - Shot Blocked by Timothy Kunes.
11:44 of 3rd period - Wrist shot by Jason Akeson.
11:44 of 3rd period - Stopped by Marek Schwarz with a rebound.
12:22 of 3rd period - Snap shot by Aleksander Barkov.
12:22 of 3rd period - Shot Blocked by Cameron Gaunce.
12:34 of 3rd period - Snap shot by Cameron Gaunce.
12:34 of 3rd period - Stopped by Marek Schwarz with a rebound.
12:36 of 3rd period - Wrist shot by Peter Holland.
12:36 of 3rd period - Shot Misses the Net.
12:44 of 3rd period - Wrist shot by Peter Holland.
12:44 of 3rd period - Shot Misses the Net.
13:05 of 3rd period - Off-side.
13:06 of 3rd period - Lars Eller wins face-off versus Christian Hanson in neutral zone.
13:11 of 3rd period - Wrist shot by Jordan Szwarz.
13:11 of 3rd period - Shot Misses the Net.
13:30 of 3rd period - Minor Penalty to Philip Larsen for High sticking.
13:31 of 3rd period - Cody Eakin wins face-off versus Lars Eller in Diablos zone.
14:05 of 3rd period - Off-side.
14:06 of 3rd period - Marek Zagrapan wins face-off versus Cody Eakin in neutral zone.
14:09 of 3rd period - David Kolomatis is hit by Cameron Gaunce and loses puck.
15:27 of 3rd period - Matt Calvert is hit by Peter Holland and loses puck.
15:30 of 3rd period - Penalty to Philip Larsen is over, Philip Larsen is back on ice.
15:38 of 3rd period - Wrist shot by Philip Larsen.
15:38 of 3rd period - Stopped by Marek Schwarz with a rebound.
15:40 of 3rd period - Snap shot by Philip Larsen.
15:40 of 3rd period - Stopped by Marek Schwarz with a rebound.
15:42 of 3rd period - Wrist shot by Philip Larsen.
15:42 of 3rd period - Stopped by Marek Schwarz without a rebound.
15:43 of 3rd period - Corey Trivino wins face-off versus Aleksander Barkov in Patriotes zone.
16:15 of 3rd period - Wrist shot by Jason Zucker.
16:15 of 3rd period - Stopped by Kristers Gudlevskis with a rebound.
16:17 of 3rd period - Slapshot by Shane Sims.
16:17 of 3rd period - Shot Misses the Net.
16:21 of 3rd period - Snap shot by Tyler Kennedy.
16:21 of 3rd period - Goal by Tyler Kennedy - Diablos : 5 - Patriotes : 9.
16:22 of 3rd period - Corey Trivino wins face-off versus Cody Eakin in neutral zone.
16:33 of 3rd period - Snap shot by Cody Eakin.
16:33 of 3rd period - Stopped by Kristers Gudlevskis with a rebound.
17:25 of 3rd period - Icing by Tyler Pitlick.
17:26 of 3rd period - Marek Zagrapan wins face-off versus Aleksander Barkov in Diablos zone.
17:31 of 3rd period - Aleksander Barkov is hit by Jason Akeson and loses puck.
18:35 of 3rd period - Minor Penalty to Brian Dumoulin for Interference.
18:36 of 3rd period - Lars Eller wins face-off versus Cody Eakin in Diablos zone.
Goals for this period are 2 for Diablos vs 3 for Patriotes.
Shots for this period are 17 for Diablos vs 12 for Patriotes.
Back to the Top